 Dungeon Crawl Stone Soup version 0.26.1-2-gb8aa6d0cf2 (webtiles) character file.

Game seed: 14640313706277475042

46 FishyPogo the Skirmisher (level 3, -3/33 HPs)
             Began as a Minotaur Fighter on Feb 26, 2021.
             Slain by Natasha (4 damage)
             ... on level 2 of the Dungeon.
             The game lasted 00:01:35 (1117 turns).

FishyPogo the Skirmisher (Minotaur Fighter)         Turns: 1117, Time: 00:01:35

Health: -3/33      AC:  7    Str: 21    XL:     3   Next: 44%
Magic:  2/2        EV:  8    Int:  5    God:
Gold:   74         SH:  9    Dex:  9    Spells: 2/2 levels left

rFire    . . .     SeeInvis .   a - +0 long sword
rCold    . . .     Faith    .   c - +0 kite shield
rNeg     . . .     Spirit   .   b - +0 scale mail
rPois    .         Reflect  .   (helmet restricted)
rElec    .         Harm     .   (no cloak)
rCorr    .         Rampage  .   (no gloves)
Will     .....                  (no boots)
Stlth    ..........             (no amulet)
HPRegen  0.11/turn              (no ring)
MPRegen  0.08/turn              (no ring)

@: no status effects
A: retaliatory headbutt, horns 2
a: no special abilities


You were on level 2 of the Dungeon.
You visited 1 branch of the dungeon, and saw 2 of its levels.

You collected 74 gold pieces.

Inventory:

Hand Weapons
 a - a +0 long sword (weapon)
Missiles
 e - 154 stones (quivered)
 f - 17 poisoned darts
Armour
 b - a +0 scale mail (worn)
 c - a +0 kite shield (worn)
Scrolls
 g - 3 scrolls of identify {unknown}
 i - a scroll of remove curse {unknown}
Potions
 d - a potion of might
 h - a potion of haste {unknown}
 j - a potion of curing {unknown}


   Skills:
 * Level 4.2 Fighting
 + Level 2.9 Long Blades
 + Level 3.9 Armour
 + Level 1.0 Dodging
 * Level 4.2 Shields


You had 2 spell levels left.
You didn't know any spells.
Your spell library was empty.

Dungeon Overview and Level Annotations

Branches:
Dungeon (2/15)

Altars:

Annotations:
D:2 Natasha


Innate Abilities, Weirdness & Mutations

You reflexively headbutt those who attack you in melee.
You have a pair of horns on your head.


Message History

The white imp gestures at you. The puff of frost hits you.
You closely miss Natasha.
Natasha is almost dead.
The white imp gestures at you. The puff of frost hits you.
* * * LOW HITPOINT WARNING * * *
Natasha claws you but does no damage. The white imp hits you.
* * * LOW HITPOINT WARNING * * *
The white imp freezes you.
* * * LOW HITPOINT WARNING * * *
The iron imp hits you.
* * * LOW HITPOINT WARNING * * *
The white imp barely misses you. You furiously retaliate!
You headbutt the white imp.
You riposte.
You hit the white imp.
The white imp is severely wounded.
You barely miss Natasha. Your headbutt misses Natasha.
Natasha is almost dead.
Natasha claws you.
You die...

..#...#
##.#...##
#........
....)..
...?.. #...#
#.5h# #.5@#
###5#
.#######>#
.........###
...........#
##########.#
# #.# # #.#
#########
#.#
.........


You could see an iron imp (summoned), Natasha and 2 white imps.

Vanquished Creatures
  An ooze (D:1)
  2 leopard geckos (D:1)
  6 bats
  2 giant cockroaches
  5 goblins
  3 hobgoblins
  4 jackals (D:1)
  4 kobolds
  3 frilled lizards (D:1)
  5 rats (D:1)
35 creatures vanquished.

Vanquished Creatures (others)
  A fungus (D:2)
1 creature vanquished.

Grand Total: 36 creatures vanquished

Notes
Turn   | Place    | Note
-------+----------+-------------------------------------------
     0 | D:1      | FishyPogo the Minotaur Fighter began the quest for the Orb.
     0 | D:1      | Reached XP level 1. HP: 19/19 MP: 0/0
   163 | D:1      | Reached XP level 2. HP: 24/27 MP: 1/1
   496 | D:1      | Reached XP level 3. HP: 33/33 MP: 2/2
   974 | D:2      | Reached skill level 1 in Dodging
  1109 | D:2      | Noticed Natasha
  1116 | D:2      | HP: 1/33 [iron imp[Natasha] (4)]
  1117 | D:2      | Slain by Natasha

Illustrated notes

Levels and vault maps discovered:
D:1:      heliophobic_arrival_glass_houses, layout_basic, st_stairs_5,
          minmay_misc_feat_rows
D:2:      layout_loops_ring, lemuel_zombie_altar_yredelemnul,
          minmay_lizard_king, uniq_crazy_yiuf_cottage, uniq_natasha,
          uniq_jessica

Skill      XL: |  1  2  3 |
---------------+----------+-----
Fighting       | 4 |  4.2
Shields        | 4 |  4.2
Dodging        | 1 |  1.0
Long Blades    | |  2.9
Armour         | |  3.9

Action                   || total
-------------------------++-------
Melee: Long sword        ||    82
       Headbutt          ||    14
Armor: Scale mail        ||    31
Dodge: Dodged            ||    22
Block: Kite shield       ||    40
       Rpst.: Long sword ||     7
